 Dungeon Crawl Stone Soup version 0.20-a0-848-g73d9be0 (console) character file.

10551 nht the Slicer (level 11, -2/70 HPs)
             Began as a Demonspawn Artificer on Mar 9, 2017.
             Was a Believer of Yredelemnul.
             Slain by a six-headed hydra (12 damage)
             ... on level 1 of the Lair of Beasts.
             The game lasted 00:42:41 (12649 turns).

nht the Slicer (Demonspawn Artificer)              Turns: 12649, Time: 00:42:42

Health: -2/70      AC: 13    Str: 13    XL:     11   Next: 37%
Magic:  0/17       EV: 12    Int: 16    God:    Yredelemnul [**....]
Gold:   596        SH:  0    Dex: 13    Spells: 4/10 levels left

rFire    . . .     SeeInvis .   C - +2 quarterstaff (flame)
rCold    . . .     Gourm    .   w - +3 leather armour {MR+}
rNeg     . . .     Faith    .   (shield currently unavailable)
rPois    +         Spirit   +   (helmet restricted)
rElec    .         Reflect  .   y - +0 cloak
rCorr    .         Harm     .   (no gloves)
MR       .....                  (no boots)
Stlth    ++........             J - amulet of magic regeneration
Regen    0.3/turn               h - ring of stealth
MPRegen  0.3/turn               j - ring of poison resistance

@: vulnerable, sanguine armour
A: antennae 2, demonic guardian 1, magic shield, sanguine armour 1
a: Animate Remains, Recall Undead Slaves, Injury Mirror, Renounce Religion


You were on level 1 of the Lair of Beasts.
You worshipped Yredelemnul.
Yredelemnul was pleased with you.
You were hungry.

You visited 3 branches of the dungeon, and saw 14 of its levels.
You also visited: Sewer and Volcano.

You collected 708 gold pieces.
You spent 112 gold pieces at shops.

Inventory:

Hand Weapons
 a - a +0 dagger of speed
 C - a +2 quarterstaff of flaming (weapon)
 Z - a +1 demon blade of venom
Armour
 r - +0 fire dragon scales
 w - a +3 leather armour of magic resistance (worn)
 y - a +0 cloak (worn)
 N - a +0 leather armour of fire resistance
 T - a +2 robe of cold resistance
 W - +0 fire dragon scales
Magical Staves
 F - an uncursed staff of power
 K - an uncursed staff of fire
 U - an uncursed staff of cold
Jewellery
 h - a ring of stealth (right hand)
 j - a ring of poison resistance (left hand)
 J - an amulet of magic regeneration (around neck)
 V - an uncursed ring of fire
Wands
 b - a wand of iceblast (0/15)
 d - a wand of enslavement (0/24)
 e - a wand of paralysis (0/24)
 g - a wand of clouds (3/9)
 z - a wand of paralysis (0/24)
 A - a wand of random effects (39/48)
 E - a wand of digging (5/24)
 L - a wand of digging (10/24)
 M - a wand of lightning (7/15)
 O - a wand of lightning (0/15)
Scrolls
 i - a scroll of fog
 p - 9 scrolls of teleportation
 B - 3 scrolls of remove curse
 Q - a scroll of enchant weapon
 R - a scroll of fear
Potions
 k - 2 potions of mutation
 m - 8 potions of brilliance
 n - 4 potions of curing
 o - 2 potions of ambrosia
 s - 7 potions of flight
 t - a potion of invisibility
 u - 2 potions of magic
 v - 2 potions of haste
 D - 5 potions of heal wounds
 G - 2 potions of might
Books
 H - a book of Minor Magic

   Spells                             Type                      Level
   a - Magic Dart                     Conjuration                  1
   b - Blink                          Translocation                2
   c - Call Imp                       Summoning                    2
   d - Slow                           Hexes                        2
   e - Conjure Flame                  Conjuration/Fire             3
   f - Mephitic Cloud                 Conjuration/Poison/Air       3
 I - a book of Flames

   Spells                             Type                      Level
   a - Flame Tongue                   Conjuration/Fire             1
   b - Throw Flame                    Conjuration/Fire             2
   c - Conjure Flame                  Conjuration/Fire             3
   d - Inner Flame                    Hexes/Fire                   3
   e - Sticky Flame                   Conjuration/Fire             4
   f - Fireball                       Conjuration/Fire             5
 P - a book of Battle

   Spells                             Type                      Level
   a - Infusion                       Charms                       1
   b - Shroud of Golubria             Charms/Translocation         2
   c - Song of Slaying                Charms                       2
   d - Spectral Weapon                Hexes/Charms                 3
   e - Regeneration                   Charms/Necromancy            3
Miscellaneous
 S - a fan of gales (inert)
 X - a box of beasts
Comestibles
 c - 6 chunks of flesh
 f - 4 bread rations
 l - 4 royal jellies
 q - 8 meat rations


   Skills:
 - Level 1.0 Fighting
 - Level 10.0 Short Blades
 + Level 4.8 Staves
 - Level 1.7 Dodging
 - Level 0.8 Stealth
 - Level 6.7 Conjurations
 + Level 6.8 Fire Magic
 - Level 9.2 Evocations


You had 4 spell levels left.
You knew the following spells:

 Your Spells              Type           Power        Failure   Level  Hunger
a - Flame Tongue          Conj/Fire      ###..        1%          1    ##.....
b - Throw Flame           Conj/Fire      ###...       3%          2    ###....
c - Conjure Flame         Conj/Fire      ###.....     8%          3    ####...


Dungeon Overview and Level Annotations

Branches:
Dungeon (10/15)            Temple (1/1) D:6            Lair (3/6) D:9
    Orc (0/2) D:9
  Swamp: Lair:2-4    Shoals: Lair:2-4     Snake: Lair:2-4    Spider: Lair:2-4

Altars:
Ashenzari
Cheibriados
Dithmenos
Elyvilon
Fedhas
Gozag
Hepliaklqana
Kikubaaqudgha
Makhleb
Nemelex Xobeh
Okawaru
Qazlal
Ru
Sif Muna
Trog
Uskayaw
Vehumet
Wu Jian
Xom
Yredelemnul
Zin
The Shining One

Shops:
D:5 *   D:9 }


Innate Abilities, Weirdness & Mutations

You have a pair of antennae on your head.
A weak demonic guardian rushes to your aid.
When hurt, damage is shared between your health and your magic reserves.
When seriously injured, your bleeding wounds create armour. (AC +6)


Message History

The six-headed hydra bites you but does no damage.
The six-headed hydra misses you. The six-headed hydra barely misses you.
The six-headed hydra bites you.
The six-headed hydra bites you but does no damage.
The six-headed hydra bites you. The six-headed hydra barely misses you.
The six-headed hydra bites you!
Your blood congeals into armour.
The six-headed hydra bites you!
The six-headed hydra bites you but does no damage.
The six-headed hydra bites you. The six-headed hydra bites you!
* * * LOW HITPOINT WARNING * * *
You hit the six-headed hydra. You burn the six-headed hydra.
The six-headed hydra is almost dead.
The six-headed hydra bites you.
* * * LOW HITPOINT WARNING * * *
The six-headed hydra bites you.
* * * LOW HITPOINT WARNING * * *
The six-headed hydra closely misses you. x2
The six-headed hydra bites you!
You die...
Your body rises from the dead as a mindless zombie.

█...████████....██
██...█P█.███....████
█..................
█..................
█..................
█..................
█..................
██D§.............██.
█..@.██..███.....██.
██..████+███.....██.
█..█ ...........██.
█...█ .....█.....██.
██... ....██.....█..
█... .... █.....██.
█...██+█ █.....██.
█..█...████.....███
█...............██


You could see a six-headed hydra.

Vanquished Creatures
  A stone giant (Volcano)
  Fannar (D:10)
  Psyche (D:9)
  A black mamba (Lair:1)
  A gargoyle (Volcano)
  A spiny frog (Lair:1)
  A rime drake (Lair:1)
  An efreet (Volcano)
  4 hippogriffs
  Sigmund (D:3)
  6 yaks
  2 fire bats (Lair:1)
  A hungry ghost (D:10)
  Eustachio (D:4)
  Menkaure (D:4)
  Duvessa (D:4)
  A water moccasin (Lair:1)
  2 sky beasts
  Purgy (Sewer)
  An ice beast (D:6)
  The ghost of derval the Bolt Thrower, an amateur MiHu (D:5)
  4 black bears
  A phantom (D:7)
  3 ogres
  2 centaurs
  3 crocodiles
  9 bullfrogs
  2 earth elementals (Volcano)
  A water moccasin skeleton (D:6)
  2 scorpions
  9 killer bees
  4 crimson imps
  2 centaur zombies
  A bullfrog zombie (D:7)
  A quasit (D:7)
  5 orc wizards
  Crazy Yiuf (D:5)
  6 orc priests
  A bullfrog skeleton (D:7)
  5 hounds
  An iguana (D:8)
  Ijyb (D:2)
  4 worker ants
  2 hound zombies (D:7)
  2 hound skeletons
  Robin (D:2)
  A gnoll (D:2)
  14 adders
  4 shadow imps
  2 oozes
  2 worms
  3 dart slugs (D:2)
  5 leopard geckos
  18 orcs
  A ball python (Sewer)
  10 giant cockroaches
  12 goblins
  12 hobgoblins
  6 kobolds
  5 quokkas
  4 bats
  10 frilled lizards
  A jackal skeleton (D:6)
  A jackal zombie (D:5)
  A leopard gecko skeleton (D:4)
  7 rats
223 creatures vanquished.

Vanquished Creatures (collateral kills)
  A hippogriff (Lair:3)
  3 yaks
  A fire bat (Lair:1)
  A water moccasin (Lair:1)
  A sky beast (D:7)
  2 ice beasts
  A crocodile (Lair:3)
  A scorpion (D:9)
  Dowan (D:4)
  A killer bee (D:9)
  2 wights (D:7)
  A crimson imp (D:4)
  A centaur skeleton (D:4)
  A worker ant (D:5)
  A worker ant zombie (D:7)
  An adder (D:7)
  An adder zombie (D:7)
  3 orcs (D:4)
24 creatures vanquished.

Vanquished Creatures (others)
  2 yaks (D:7)
  An ogre (D:5)
  A scorpion (D:6)
  2 wights (D:7)
  An adder zombie (D:6)
  An orc (D:4)
  A goblin (D:2)
  2 fungi (Lair:2)
11 creatures vanquished.

Grand Total: 258 creatures vanquished

Notes
Turn   | Place    | Note
-------+----------+-------------------------------------------
     0 | D:1      | nht the Demonspawn Artificer began the quest for the Orb.
     0 | D:1      | Reached XP level 1. HP: 15/15 MP: 3/3
    39 | D:1      | Reached skill level 1 in Short Blades
   352 | D:1      | Gained mutation: When hurt, damage is shared between your health and your magic reserves. [demonic ancestry]
   352 | D:1      | Reached XP level 2. HP: 21/21 MP: 4/4
   480 | D:1      | Reached skill level 2 in Short Blades
   761 | D:2      | Found a snail-covered altar of Cheibriados.
   796 | D:2      | Noticed Ijyb
   818 | D:2      | Killed Ijyb
   818 | D:2      | Reached skill level 3 in Short Blades
   818 | D:2      | Gained mutation: You have a pair of small antennae on your head. [demonic ancestry]
   818 | D:2      | Reached XP level 3. HP: 14/26 MP: 3/5
  1210 | D:2      | Reached XP level 4. HP: 22/32 MP: 6/6
  1555 | D:2      | Noticed Robin
  1565 | D:2      | Reached skill level 4 in Short Blades
  1599 | D:2      | Killed Robin
  1836 | D:3      | Reached XP level 5. HP: 22/37 MP: 3/7
  2088 | D:3      | Noticed Sigmund
  2095 | D:3      | Killed Sigmund
  2095 | D:3      | Reached skill level 5 in Short Blades
  2095 | D:3      | Gained mutation: A weak demonic guardian rushes to your aid. [demonic ancestry]
  2095 | D:3      | Reached XP level 6. HP: 33/43 MP: 6/8
  2467 | D:4      | Reached skill level 6 in Short Blades
  2470 | D:4      | Noticed Eustachio
  2494 | D:4      | Killed Eustachio
  2494 | D:4      | Reached XP level 7. HP: 24/48 MP: 6/9
  2500 | D:4      | Noticed Dowan
  2514 | D:4      | Killed Dowan
  2514 | D:4      | Reached skill level 7 in Short Blades
  2744 | D:4      | Found an iron altar of Okawaru.
  3211 | D:4      | Found an opulent altar of Gozag.
  3214 | D:4      | Found a hazy altar of Hepliaklqana.
  3219 | D:4      | Found a sacrificial altar of Ru.
  3223 | D:4      | Became a worshipper of Ru the Awakened
  3247 | D:4      | Noticed Menkaure
  3270 | D:4      | Killed Menkaure
  3336 | D:4      | Noticed Duvessa
  3351 | D:5      | Entered Level 5 of the Dungeon
  3410 | D:4      | Killed Duvessa
  3410 | D:4      | Reached skill level 8 in Short Blades
  3605 | D:5      | Noticed derval's ghost (amateur MiHu)
  3611 | D:5      | Killed derval's ghost
  3611 | D:5      | Reached XP level 8. HP: 54/54 MP: 10/10
  3840 | D:5      | Found Loescheho's Assorted Antiques.
  3845 | D:5      | Bought a glowing copper wand for 112 gold pieces
  3851 | D:5      | Reached skill level 9 in Short Blades
  3854 | D:5      | Found an ornate altar of the Wu Jian Council.
  4173 | D:5      | Found a runed door.
  4514 | D:5      | Noticed Crazy Yiuf
  4519 | D:5      | Killed Crazy Yiuf
  4806 | D:6      | Found a burning altar of Makhleb.
  4856 | D:6      | Found a staircase to the Ecumenical Temple.
  5054 | D:6      | Reached skill level 10 in Short Blades
  5138 | D:6      | Found a radiant altar of Vehumet.
  5337 | D:6      | Found a glowing drain.
  5372 | Sewer    | Entered a sewer
  5455 | Sewer    | Noticed Purgy
  5466 | Sewer    | Killed Purgy
  6072 | Temple   | Entered the Ecumenical Temple
  6241 | D:7      | Reached skill level 5 in Evocations
  6343 | D:7      | Reached XP level 9. HP: 38/59 MP: 8/12
  7277 | D:7      | Found an ancient bone altar of Kikubaaqudgha.
  7834 | D:8      | Found a bloodstained altar of Trog.
  8068 | D:8      | Found a shattered altar of Ashenzari.
  8069 | D:8      | Found a basalt altar of Yredelemnul.
  8098 | D:8      | Fell from the grace of Ru
  8098 | D:8      | Became a worshipper of Yredelemnul the Dark
  8237 | D:4      | Learned a level 1 spell: Flame Tongue
  8339 | D:9      | Noticed Psyche
  8461 | D:8      | Reached skill level 1 in Conjurations
  8488 | D:8      | Reached skill level 1 in Fire Magic
  8599 | D:9      | Gained mutation: When seriously injured, your bleeding wounds create armour. (AC +6) [demonic ancestry]
  8599 | D:9      | Reached XP level 10. HP: 54/65 MP: 16/16
  8623 | D:10     | Entered Level 10 of the Dungeon
  8626 | D:10     | Noticed Fannar
  8645 | D:9      | Killed Psyche
  8657 | D:9      | Learned a level 2 spell: Throw Flame
  8661 | D:9      | Learned a level 3 spell: Conjure Flame
  8790 | D:9      | Found a staircase to the Lair.
  8824 | D:9      | Found Cejoick's Gadget Emporium.
  8874 | D:9      | Found a staircase to the Orcish Mines.
  9276 | D:10     | Killed Fannar
  9374 | D:10     | Reached * piety under Yredelemnul
 10230 | Lair:1   | Entered Level 1 of the Lair of Beasts
 10230 | Lair:1   | Noticed a spiny frog
 10237 | Lair:1   | Killed a spiny frog
 10237 | Lair:1   | Reached skill level 1 in Staves
 10237 | Lair:1   | Reached skill level 5 in Conjurations
 10294 | Lair:1   | Noticed a spiny frog
 10310 | Lair:1   | Noticed a black mamba
 10317 | Lair:1   | Killed a black mamba
 10317 | Lair:1   | Reached skill level 5 in Fire Magic
 10512 | Lair:1   | Found a dark tunnel.
 10521 | Volcano  | Entered a volcano
 10694 | Volcano  | Noticed a stone giant
 10708 | Volcano  | Killed a stone giant
 10708 | Volcano  | Gained mutation: You have a pair of antennae on your head. [demonic ancestry]
 10708 | Volcano  | Reached XP level 11. HP: 58/70 MP: 5/17
 11986 | Lair:1   | You fall through a shaft!
 11986 | Lair:2   | Noticed a queen ant
 12096 | Lair:3   | Reached ** piety under Yredelemnul
 12629 | Lair:1   | Noticed a six-headed hydra
 12649 | Lair:1   | Slain by a six-headed hydra

Vault maps used:
D:1:      tarquinn_simple_flora_water_f, minmay_misc_feat_diagonals, hex_large
D:2:      kb_forest_paths, marbit_many_paths, uniq_iyjb, uniq_robin
D:3:      uniq_sigmund
D:4:      overflow_temple_1_default, grunt_temple_overflow_diamond, first_bread,
          uniq_duvessa, uniq_eustachio, uniq_menkaure
D:5:      overflow_temple_1_default, serial_shops, kennysheep_little_box,
          uniq_crazy_yiuf_cottage
D:6:      fiery_altar_vehumet, makhleb_heckhound_becter,
          minmay_temple_entry_trees, gup_sewer_entry_pipe
D:7:      kiku_gazebo_garden_becter
D:8:      old_standard_altar, gammafunk_temple_overflow_pools
D:9:      dpeg_oklobed_lair, orc_0_dummy, serial_shops, shop, uniq_psyche
D:10:     uniq_fannar
Temple:   cyrus_temple_forest
Lair:1:   basic_altar, nicolae_volcano_entry_batcave, serial_bayou_lagoon_a,
          serial_bayou_shore_b
Lair:2:   zaba_antful_of_joy
Lair:3:   beast_lair_carwin_large_2, dummy_snake_entry
Sewer:    sewer_co_purgy_island
Volcano:  volcano_pools

Skill      XL: |  1  2  3  4  5  6  7  8  9 10 11 |
---------------+----------------------------------+-----
Short Blades   | 1 3 4 5 6 8 10 | 10.0
Evocations     | 5 9 |  9.2
Conjurations   | 2 6 |  6.7
Fire Magic     | 2 5 6 |  6.8
Staves         | 3 4 |  4.8
Fighting       | |  1.0
Dodging        | |  1.7
Stealth        | |  0.8

Action                   |  1- 3 |  4- 6 |  7- 9 | 10-12 || total
-------------------------+-------+-------+-------+-------++-------
Melee: Short sword       |   111 |   161 |   347 |       ||   619
       Dagger            |       |       |   598 |   337 ||   935
       Quarterstaff      |       |       |       |    50 ||    50
       Staff             |       |       |       |    44 ||    44
 Cast: Flame Tongue      |       |       |       |    65 ||    65
       Throw Flame       |       |       |       |     5 ||     5
       Conjure Flame     |       |       |       |     1 ||     1
Invok: Reject Sacrifices |       |       |     1 |       ||     1
       Animate Remains   |       |       |       |     1 ||     1
Evoke: Wand              |     2 |    19 |    51 |    14 ||    86
       Fan of gales      |       |       |       |     1 ||     1
       Box of beasts     |       |       |       |     1 ||     1
  Use: Potion            |     1 |     2 |     1 |    10 ||    14
       Scroll            |       |       |    21 |     5 ||    26
 Stab: Sleeping          |    11 |     5 |    11 |     4 ||    31
       Distracted        |     1 |     1 |     5 |       ||     7
       Paralysed         |       |       |     8 |     1 ||     9
  Eat: Chunk             |     1 |     4 |    15 |     7 ||    27
       Bread ration      |       |       |     1 |     2 ||     3
       Fruit             |       |       |       |     5 ||     5
Armor: Leather armour    |    12 |    42 |   151 |   157 ||   362
       Skin              |       |       |       |     1 ||     1
Dodge: Dodged            |    56 |   108 |   281 |   196 ||   641
